 Dungeon Crawl Stone Soup version 0.31-a0-795-g5eb97db20b (webtiles) character file.

Game seed: 1561920573493324656

885 Shayle the Trooper (level 8, -12/124 HPs)
             Began as an Ogre Hexslinger on Sept 19, 2023.
             Was an Initiate of Gozag.
             Killed by an exploding orc (16 damage)
             ... ignited by their inner flame
             ... on level 5 of the Dungeon.
             The game lasted 00:08:13 (3702 turns).

Shayle the Trooper (Ogre Hexslinger)                Turns: 3702, Time: 00:08:14

Health: -12/124    AC:  3    Str: 13    XL:     8   Next: 5%
Magic:  11/11      EV:  6    Int: 16    God:    Gozag
Gold:   134        SH: 13    Dex: 11    Spells: 12/12 levels left

rFire   + . .        k - +11 hand axe of Conscience {freeze, rF+ rCorr}
rCold   . . .        l - +0 tower shield
rNeg    . . .        c - +0 robe
rPois   .            (helmet restricted)
rElec   .            (no cloak)
rCorr   +            (gloves unavailable)
SInv    .            (boots unavailable)
Will    .....        (no amulet) Stlth
                     (no ring)
HPRegen 0.40/turn    (no ring)
MPRegen 0.12/turn

%: no passive effects
@: berserking, gold aura, very quick
A: large, unfitting armour, tough skin 1
a: Renounce Religion, Potion Petition, Call Merchant, Bribe Branch


You were on level 5 of the Dungeon.
You worshipped Gozag.
Gozag was aware of your devotion.
You visited 2 branches of the dungeon, and saw 6 of its levels.

You collected 208 gold pieces.
You paid 74 gold pieces to Gozag.

Inventory:

Hand Weapons
 a - a +1 sling
 k - the +11 hand axe of Conscience (weapon) {freeze, rF+ rCorr}
   (You found it on level 3 of the Dungeon)

   rF+:       It protects you from fire.
   rCorr:     It protects you from acid and corrosion.
 x - the +4 long sword of Vanity {elec, rC+}
   (You found it on level 5 of the Dungeon)

   rC+:       It protects you from cold.
Missiles
 q - a throwing net
Armour
 c - a +0 robe (worn)
 i - a +0 cloak
 l - a +0 tower shield (worn)
Jewellery
 u - an amulet of faith
 A - a +6 ring of strength
Scrolls
 b - a scroll of poison
 d - 4 scrolls of identify
 h - a scroll of noise {unknown}
 m - a scroll of vulnerability {unknown}
 o - a scroll of immolation
 p - a scroll of butterflies {unknown}
 s - a scroll of revelation {unknown}
 v - a scroll of brand weapon {unknown}
 w - a scroll of enchant armour {unknown}
 y - 2 scrolls of acquirement
Potions
 e - a potion of might {unknown}
 f - a potion of curing
 g - 2 potions of enlightenment
 r - a potion of lignification {unknown}
 t - a potion of invisibility {unknown}
 z - a potion of degeneration {unknown}


   Skills:
 + Level 6.0 Fighting
 + Level 3.8 Axes
 - Level 1.3 Ranged Weapons
 - Level 1.7 Dodging
 * Level 5.4 Shields
 - Level 1.5 Unarmed Combat
 - Level 2.5 Spellcasting
 - Level 2.6 Hexes
 - Level 0.8 Fire Magic


You had 12 spell levels left.
You didn't know any spells.
Your spell library contained the following spells:

 Spells                   Type           Power      Damage    Failure   Level
 Jinxbite                 Hex            20%        N/A       78%         2
 Ensorcelled Hibernation  Hex/Ice        12%        N/A       93%         2
 Necrotise                Necr           8%         1d4       95%         1
 Sigil of Binding         Hex            10%        N/A       95%         3
 Inner Flame              Hex/Fire       7%         N/A       98%         3
 Poisonous Vapours        Pois/Air       4%         N/A       99%         2
 Mephitic Cloud           Conj/Pois/Air  2%         N/A       100%        3
 Vampiric Draining        Necr           2%         2d6       100%        3
 Anguish                  Hex/Necr       3%         N/A       100%        4
 Cause Fear               Hex            5%         N/A       100%        4
 Dimensional Bullseye     Hex/Tloc       3%         N/A       100%        4
 Agony                    Necr           2%         N/A       100%        5
 Freezing Cloud           Conj/Ice/Air   1%         6-21      100%        5


Dungeon Overview and Level Annotations

Branches:
Dungeon (5/15)             Temple (1/1) D:5

Altars:
Ashenzari
Cheibriados
Dithmenos
Elyvilon
Fedhas
Gozag
Hepliaklqana
Nemelex Xobeh
Okawaru
Qazlal
Ru
Sif Muna
Uskayaw
Vehumet
Wu Jian
Xom

Shops:
D:1 (   D:2 [   D:3 *


Innate Abilities, Weirdness & Mutations

You are too large for most types of armour.
You have tough skin. (AC +1)


Message History

You feel better. You block the orc warrior's attack.
The orc priest invokes the aid of Beogh against you.
Beogh smites you!
* * * LOW HITPOINT WARNING * * *
The orc is distracted by your dazzling golden aura. x2
You block the adder's attack.
The orc shouts!
This is a scroll of acquirement!
Something appears at your feet! You block the orc warrior's attack.
You block the adder's attack.
As you read the scroll labelled EFUODE LU TUSI, it crumbles to dust.
It is a scroll of identify.
g - 2 potions of enlightenment The orc is no longer distracted by gold.
The adder bites you.
* * * LOW HITPOINT WARNING * * *
You block the orc warrior's attack.
Okay, then.
It was a potion of cancellation.
You feel magically purged. You block the adder's attack.
The orc warrior hits you from afar with a +0 halberd!
* * * LOW HITPOINT WARNING * * *
The adder bites you.
* * * LOW HITPOINT WARNING * * *
Unknown command.
It was a potion of berserk rage.
A red film seems to cover your vision as you go berserk!
You feel yourself moving faster!
You feel mighty!
The orc warrior hits you from afar with a +0 halberd.
* * * LOW HITPOINT WARNING * * *
The adder bites you but does no damage.
You are too berserk!
Unknown command.
You are too berserk!
You slice the adder!! You freeze the adder. You slash the orc!
You freeze the orc.
The orc explodes!
The fiery explosion engulfs you! You resist.
You die...
Your body crumbles into a pile of gold.

#.##.# #.######
#....######.#
####.~.~~.~~~
########## #..~~♣~~~~
#<.......#####.~.~~~♣♣≈
#.######........~~P.~~♣
# #$.###...####~~~
#...#..###...# P~
#...o§@#...# .
#...#..#§#...#
##.##..§o§...... #.
#.#........~ .
...#...#.#..P
##.########..~~~ # ~~~
~~. ~..


You could see an orc warrior (inner flame) and an orc priest (inner flame).

Vanquished Creatures
  Grinder (D:4)
  Eustachio (D:4)
  2 ogres
  A black bear (D:5)
  A scorpion (D:3)
  An orc priest (D:3)
  A sleepcap (D:5)
  2 iguanas
  An orc wizard (D:5)
  4 adders
  2 worms (D:3)
  3 dart slugs
  8 orcs
  4 ball pythons
  6 bats
  6 endoplasms
  2 giant cockroaches (D:3)
  5 goblins
  10 hobgoblins
  7 jackals
  5 quokkas
  A frilled lizard (D:2)
  6 kobolds
  2 rats
82 creatures vanquished.

Notes
Turn   | Place    | Note
-------+----------+-------------------------------------------
     0 | D:1      | Shayle the Ogre Hexslinger began the quest for the Orb.
     0 | D:1      | Reached XP level 1. HP: 19/19 MP: 2/2
   113 | D:1      | Reached XP level 2. HP: 16/28 MP: 4/4
   179 | D:1      | Reached skill level 2 in Fighting
   190 | D:1      | Found Siuxzih's Antique Weapon Boutique.
   308 | D:1      | Reached skill level 1 in Unarmed Combat
   578 | D:1      | Reached XP level 3. HP: 25/36 MP: 6/6
   955 | D:2      | Found Egead's Armour Boutique.
  1216 | D:2      | Reached skill level 3 in Fighting
  1322 | D:3      | Identified the +11 hand axe of Conscience {freeze, rF+
                  | rCorr}
  1356 | D:3      | Found Suann's General Store.
  1370 | D:3      | Reached XP level 4. HP: 45/45 MP: 7/7
  1428 | D:3      | Found a shimmering blue altar of Sif Muna.
  1451 | D:3      | Reached skill level 1 in Axes
  1451 | D:3      | Reached skill level 1 in Shields
  1496 | D:3      | Reached XP level 5. HP: 44/53 MP: 8/8
  1810 | D:3      | Reached skill level 4 in Fighting
  2094 | D:4      | Noticed Grinder
  2110 | D:4      | Paralysed by Grinder for 2 turns
  2115 | D:4      | Killed Grinder
  2116 | D:4      | Reached XP level 6. HP: 28/63 MP: 9/9
  2320 | D:4      | Reached skill level 5 in Fighting
  2320 | D:4      | Reached XP level 7. HP: 72/72 MP: 10/10
  2903 | D:4      | Noticed Eustachio
  2924 | D:4      | Found a white marble altar of Elyvilon.
  2955 | D:4      | Killed Eustachio
  3075 | D:5      | Entered Level 5 of the Dungeon
  3339 | D:5      | Identified the +4 long sword of Vanity {elec, rC+}
  3484 | D:5      | Found a staircase to the Ecumenical Temple.
  3501 | D:5      | Reached skill level 5 in Shields
  3510 | Temple   | Entered the Ecumenical Temple
  3615 | Temple   | Became a worshipper of Gozag Ym Sagoz the Greedy
  3654 | D:5      | Reached skill level 6 in Fighting
  3654 | D:5      | Reached XP level 8. HP: 83/83 MP: 11/11
  3698 | D:5      | Identified 3 scrolls of acquirement
  3698 | D:5      | Acquired the ring of Oman {rF+ rC+ Dex+3}
  3701 | D:5      | HP: 4/124 [orc warrior/+0 halberd (6)]
  3702 | D:5      | Killed by an exploding orc... ignited by their inner flame

Illustrated notes

Levels and vault maps discovered:
D:1:      dpeg_arrival_concentric_ovals, layout_basic, serial_shops,
          nicolae_shop_advertising_works [nicolae_subvault_shop_adworks]
D:2:      layout_rooms, serial_shops, nicolae_shop_competitors_out_of_business,
          dreamdust_wishing_well
D:3:      layout_loops_ring, mainiacjoe_overflow_tiny_flanked, serial_shops,
          shop, feat_on_display
D:4:      layout_gridville, nicolae_elyvilon_temple_path,
          kennysheep_generic_room_7, uniq_eustachio, uniq_grinder
D:5:      layout_loops_corners, minmay_temple_entry_trees, serial_bayou,
          serial_bayou_pond_e, serial_bayou_lagoon_a, serial_bayou_pond_d,
          serial_bayou_pond_a, serial_bayou_pond_b, serial_bayou_shore_a,
          minivault_25
Temple:   jpeg_temple_clearing

Skill      XL: |  1  2  3  4  5  6  7 |
---------------+----------------------+-----
Fighting       | 2 3 4 5 6 |  6.0
Unarmed Combat | 1 |  1.5
Spellcasting   | 2 |  2.5
Axes           | 1 2 3 |  3.8
Shields        | 1 3 5 |  5.4
Ranged Weapons | |  1.3
Dodging        | |  1.7
Hexes          | |  2.6
Fire Magic     | |  0.8

Action                     |  1- 3 |  4- 6 |  7- 9 || total
---------------------------+-------+-------+-------++-------
  Melee: Hand axe          |     3 |    48 |    59 ||   110
   Fire: Sling             |   129 |       |       ||   129
    Use: Potion            |       |     2 |     4 ||     6
         Scroll            |       |       |     3 ||     3
   Stab: Sleeping          |       |     1 |       ||     1
 Armour: Robe              |    58 |    31 |    64 ||   153
  Dodge: Dodged            |    45 |     8 |    14 ||    67
  Block: Tower shield      |       |    23 |    38 ||    61

Table legend: (Time is in decaauts)
 A = Elapsed time spent in this place.
 B = Non-inter-level travel time spent in this place.
 C = Inter-level travel time spent in this place.
 D = Time resting spent in this place.
 E = Time spent auto-exploring this place.
 F = Levels seen in this place.
 G = Mean time per level.
                   A        B        C        D        E       F      G
               +--------+--------+--------+--------+--------+-----+--------+
         Total |   3810 |   3665 |    145 |    325 |   2533 |   6 |  635.0 |
       Dungeon |   3684 |   3577 |    107 |    240 |   2533 |   5 |  736.8 |
        Temple |    125 |     87 |     38 |     85 |      0 |   1 |  125.0 |
               +--------+--------+--------+--------+--------+-----+--------+

Top non-repeatable levels by time:
     D:4: 1031 daAuts
     D:3: 817 daAuts
     D:1: 780 daAuts
     D:2: 535 daAuts
     D:5: 518 daAuts
  Temple: 125 daAuts
